[Event "EYTCC Open U18 2022"]
[Site "Thessaloniki"]
[Date "2022.07.14"]
[Round "3.17"]
[White "Yaniv, Yuval"]
[Black "Ratnesan, Ranesh"]
[Result "1-0"]
[ECO "B90"]
[WhiteElo "2305"]
[BlackElo "2269"]
[Annotator "ChessBase"]
[PlyCount "73"]
[EventDate "2022.07.12"]
[EventType "team-tourn"]
[EventCountry "GRE"]
[SourceTitle "playchess.com"]
[Source "ChessBase"]
[SourceQuality "1"]
[WhiteTeam "Israel"]
[BlackTeam "England"]
[WhiteTeamCountry "ISR"]
[BlackTeamCountry "ENG"]
[TimeControl "40/5400+30:1800+30"]

1. e4 c5 2. Nf3 d6 3. d4 cxd4 4. Nxd4 Nf6 5. Nc3 a6 6. Bd3 e5 7. Nde2 Qc7 8. O-O Be7 9. Kh1 b5 10. a4 b4 11. Nd5 Nxd5 12. exd5 O-O 13. f4 f5 14. c3 bxc3 15. Nxc3 Nd7 16. Be3 Rb8 17. Rc1 Qd8 18. Rc2 exf4 19. Bxf4 Ne5 20. Qe2 Nxd3 21. Qxd3 Bf6 22. Nd1 Rb4 23. Rc4 Rxc4 24. Qxc4 Bb7 25. Bg3 g6 26. Qb3 Qa8 27. Ne3 Bg5 28. Bxd6 Rd8 29. Be7 Bxe7 30. d6+ Kf8 31. Nxf5 Bxg2+ 32. Kg1 Bf6 33. Qe6 Bd4+ 34. Nxd4+ Bxf1 35. Nc6 Bh3 36. Qf6+ Kg8 37. Ne7# 1-0

[Event "EYTCC Open U18 2022"]
[Site "Thessaloniki"]
[Date "2022.07.14"]
[Round "3.18"]
[White "Stoica, Savas Marin"]
[Black "Guz, Ari"]
[Result "1-0"]
[ECO "E20"]
[WhiteElo "2092"]
[BlackElo "2331"]
[Annotator "ChessBase"]
[PlyCount "65"]
[EventDate "2022.07.12"]
[EventType "team-tourn"]
[EventCountry "GRE"]
[SourceTitle "playchess.com"]
[Source "ChessBase"]
[SourceQuality "1"]
[WhiteTeam "England"]
[BlackTeam "Israel"]
[WhiteTeamCountry "ENG"]
[BlackTeamCountry "ISR"]
[TimeControl "40/5400+30:1800+30"]

1. d4 Nf6 2. c4 e6 3. Nc3 Bb4 4. f3 c5 5. d5 b5 6. e4 O-O 7. Bd2 bxc4 8. Bxc4 Bb7 9. Nge2 Bxc3 10. Bxc3 Nxd5 11. Bxd5 exd5 12. exd5 Qh4+ 13. g3 Qe7 14. O-O d6 15. Nf4 Nd7 16. Qd2 Qg5 17. Rad1 Rfe8 18. Kg2 Nb6 19. h4 Qe7 20. b3 Qf8 21. a4 f6 22. a5 Nc8 23. Rfe1 Rxe1 24. Rxe1 Ne7 25. a6 Bc8 26. h5 Nf5 27. g4 Nh6 28. Ne6 Bxe6 29. dxe6 Qe7 30. Qd5 Re8 31. Bd2 Kf8 32. Bf4 Rd8 33. Rd1 1-0

[Event "EYTCC Open U18 2022"]
[Site "Thessaloniki"]
[Date "2022.07.14"]
[Round "3.19"]
[White "Zemach, Nadav"]
[Black "Cont, Arya"]
[Result "0-1"]
[ECO "D02"]
[WhiteElo "2225"]
[BlackElo "1968"]
[Annotator "ChessBase"]
[PlyCount "48"]
[EventDate "2022.07.12"]
[EventType "team-tourn"]
[EventCountry "GRE"]
[SourceTitle "playchess.com"]
[Source "ChessBase"]
[SourceQuality "1"]
[WhiteTeam "Israel"]
[BlackTeam "England"]
[WhiteTeamCountry "ISR"]
[BlackTeamCountry "ENG"]
[TimeControl "40/5400+30:1800+30"]

1. d4 d5 2. Nf3 Nf6 3. g3 e6 4. Bg2 c5 5. c4 Nc6 6. O-O dxc4 7. dxc5 Qxd1 8. Rxd1 Bxc5 9. Nbd2 c3 10. bxc3 O-O 11. Nb3 Be7 12. c4 e5 13. Bb2 e4 14. Nfd2 Bf5 15. Rac1 Rfe8 16. c5 e3 17. fxe3 Ng4 18. e4 Be6 19. Bf3 Ne3 20. Re1 Nb4 21. Kf2 Bg5 22. a3 Nbc2 23. Rg1 Bh3 24. Nd4 Nd1+ 0-1

[Event "EYTCC Open U18 2022"]
[Site "Thessaloniki"]
[Date "2022.07.14"]
[Round "3.20"]
[White "Dias, Savin"]
[Black "Vagman, Roy"]
[Result "0-1"]
[ECO "B51"]
[WhiteElo "1894"]
[BlackElo "2180"]
[Annotator "ChessBase"]
[PlyCount "136"]
[EventDate "2022.07.12"]
[EventType "team-tourn"]
[EventCountry "GRE"]
[SourceTitle "playchess.com"]
[Source "ChessBase"]
[SourceQuality "1"]
[WhiteTeam "England"]
[BlackTeam "Israel"]
[WhiteTeamCountry "ENG"]
[BlackTeamCountry "ISR"]
[TimeControl "40/5400+30:1800+30"]

1. e4 c5 2. Nf3 d6 3. Bb5+ Nd7 4. O-O a6 5. Bd3 Ngf6 6. Re1 b5 7. c3 Bb7 8. Bc2 Qc7 9. d3 g6 10. Bf4 e5 11. Be3 Bg7 12. Nbd2 O-O 13. d4 exd4 14. cxd4 Rfe8 15. d5 Ng4 16. Rb1 Nxe3 17. Rxe3 Bh6 18. Re2 Qb6 19. Nf1 Re7 20. g4 Bf4 21. Ne3 Rae8 22. Ng2 Bh6 23. g5 Bg7 24. Re1 c4 25. Nd2 Ne5 26. Ne3 Qd4 27. Kg2 h5 28. f4 Nd3 29. Bxd3 Qxd3 30. Qe2 Qxe2+ 31. Rxe2 c3 32. bxc3 Bxc3 33. e5 dxe5 34. f5 Rd8 35. fxg6 fxg6 36. Ne4 Bd4 37. Nf6+ Kh8 38. Rd1 Rc7 39. Kf1 Rc3 40. Nc2 Bxd5 41. Nxd5 Rxd5 42. Nxd4 Rxd4 43. Rde1 Rf4+ 44. Rf2 Rc2 45. Rxf4 exf4 46. Re6 Rxa2 47. Rxg6 b4 48. Rb6 a5 49. h4 Rb2 50. Ra6 b3 51. Ra8+ Kg7 52. Ra7+ Kf8 53. Ra8+ Ke7 54. Ra7+ Kf8 55. Ra8+ Kf7 56. Ra7+ Kg6 57. Ra6+ Kf5 58. Rxa5+ Ke4 59. g6 Kf3 60. Ke1 Rg2 61. Rb5 Rg1+ 62. Kd2 Rxg6 63. Rxb3+ Kg2 64. Ke1 Re6+ 65. Kd2 f3 66. Rb5 f2 67. Rg5+ Kf3 68. Rf5+ Kg3 0-1

[Event "EYTCC Open U18 2022"]
[Site "Thessaloniki"]
[Date "2022.07.14"]
[Round "3.21"]
[White "Subelj, Jan"]
[Black "Morgunov, Marc"]
[Result "1/2-1/2"]
[ECO "B54"]
[WhiteElo "2498"]
[BlackElo "2376"]
[Annotator "ChessBase"]
[PlyCount "70"]
[EventDate "2022.07.12"]
[EventType "team-tourn"]
[EventCountry "GRE"]
[SourceTitle "playchess.com"]
[Source "ChessBase"]
[SourceQuality "1"]
[WhiteTeam "Slovenia"]
[BlackTeam "Austria"]
[WhiteTeamCountry "SLO"]
[BlackTeamCountry "AUT"]
[TimeControl "40/5400+30:1800+30"]

1. e4 c5 2. Nf3 d6 3. d4 cxd4 4. Nxd4 Nf6 5. Bb5+ Nbd7 6. O-O e5 7. Nf5 a6 8. Bd3 Nc5 9. Bg5 g6 10. Bxf6 Qxf6 11. Ne3 Qd8 12. Nc3 Bh6 13. Ned5 O-O 14. a4 Be6 15. a5 Rc8 16. Qe2 Nxd3 17. Qxd3 f5 18. Ra4 Rf7 19. Rd1 f4 20. f3 g5 21. h3 Bf8 22. Kf2 h5 23. Ke2 g4 24. hxg4 hxg4 25. Kd2 Rh7 26. Kc1 Rh2 27. Rg1 Qh4 28. Rb4 Rxg2 29. Rxg2 Qh1+ 30. Qd1 Qxg2 31. Rxb7 Kh8 32. Nf6 Bg7 33. Nh5 Bf8 34. Nf6 Bg7 35. Nh5 Bf8 1/2-1/2

[Event "EYTCC Open U18 2022"]
[Site "Thessaloniki"]
[Date "2022.07.14"]
[Round "3.22"]
[White "Kristoferitsch, Daniel"]
[Black "Marn, Jan"]
[Result "0-1"]
[ECO "D85"]
[WhiteElo "2312"]
[BlackElo "2282"]
[Annotator "ChessBase"]
[PlyCount "92"]
[EventDate "2022.07.12"]
[EventType "team-tourn"]
[EventCountry "GRE"]
[SourceTitle "playchess.com"]
[Source "ChessBase"]
[SourceQuality "1"]
[WhiteTeam "Austria"]
[BlackTeam "Slovenia"]
[WhiteTeamCountry "AUT"]
[BlackTeamCountry "SLO"]
[TimeControl "40/5400+30:1800+30"]

1. d4 Nf6 2. c4 g6 3. Nc3 d5 4. cxd5 Nxd5 5. e4 Nxc3 6. bxc3 Bg7 7. Nf3 c5 8. h3 O-O 9. Be2 Nc6 10. Be3 cxd4 11. cxd4 Qa5+ 12. Bd2 Qa3 13. d5 Ne5 14. O-O Bd7 15. Rb1 Qxa2 16. Rxb7 Ba4 17. Qe1 Rfb8 18. Qb1 Qxb1 19. Rfxb1 Nxf3+ 20. Bxf3 Be5 21. g3 Bc2 22. R1b5 a6 23. R5b6 Rxb7 24. Rxb7 Kf8 25. Bb4 Bd6 26. Ba5 f6 27. Kf1 Rc8 28. Ke1 Ba4 29. Be2 Rc1+ 30. Kd2 Rc2+ 31. Ke1 Rc1+ 32. Kd2 Rc2+ 33. Ke1 Ra2 34. Bc4 Ra1+ 35. Ke2 Bc2 36. Bc3 Rh1 37. Kf3 Rc1 38. Be2 Bxe4+ 39. Kxe4 Rxc3 40. Bxa6 Bc5 41. Rb2 f5+ 42. Ke5 Kf7 43. Bf1 Rf3 44. Rc2 Bxf2 45. Bg2 Bxg3+ 46. Kd4 Ra3 0-1

[Event "EYTCC Open U18 2022"]
[Site "Thessaloniki"]
[Date "2022.07.14"]
[Round "3.23"]
[White "Nareks, Matic"]
[Black "Borrmann, Laurenz"]
[Result "0-1"]
[ECO "B10"]
[WhiteElo "2221"]
[BlackElo "2274"]
[Annotator "ChessBase"]
[PlyCount "80"]
[EventDate "2022.07.12"]
[EventType "team-tourn"]
[EventCountry "GRE"]
[SourceTitle "playchess.com"]
[Source "ChessBase"]
[SourceQuality "1"]
[WhiteTeam "Slovenia"]
[BlackTeam "Austria"]
[WhiteTeamCountry "SLO"]
[BlackTeamCountry "AUT"]
[TimeControl "40/5400+30:1800+30"]

1. e4 c6 2. Nf3 d5 3. Nc3 dxe4 4. Nxe4 Nf6 5. Qe2 Nxe4 6. Qxe4 Nd7 7. d4 Nf6 8. Qd3 g6 9. Bf4 Bf5 10. Qd2 Qb6 11. O-O-O Nd5 12. Bc4 h5 13. Bg5 O-O-O 14. Rhe1 f6 15. Be3 g5 16. Bd3 Bd7 17. c4 Nxe3 18. fxe3 Qc7 19. Qf2 Bh6 20. g3 Rhf8 21. Kb1 Kb8 22. Nd2 f5 23. Qe2 g4 24. Nb3 e5 25. c5 f4 26. gxf4 exf4 27. exf4 Bxf4 28. Rh1 h4 29. d5 cxd5 30. c6 Qxc6 31. Nd4 Qf6 32. Bb5 Bc8 33. Rhf1 Qe5 34. Qf2 g3 35. hxg3 hxg3 36. Qc2 Be3 37. Nf3 Qh5 38. Qg2 Qh3 39. Qe2 d4 40. Rh1 Qf5+ 0-1

[Event "EYTCC Open U18 2022"]
[Site "Thessaloniki"]
[Date "2022.07.14"]
[Round "3.24"]
[White "Pilshofer, Paul"]
[Black "Lavrencic, Matic"]
[Result "1/2-1/2"]
[ECO "A46"]
[WhiteElo "2223"]
[BlackElo "2151"]
[Annotator "ChessBase"]
[PlyCount "61"]
[EventDate "2022.07.12"]
[EventType "team-tourn"]
[EventCountry "GRE"]
[SourceTitle "playchess.com"]
[Source "ChessBase"]
[SourceQuality "1"]
[WhiteTeam "Austria"]
[BlackTeam "Slovenia"]
[WhiteTeamCountry "AUT"]
[BlackTeamCountry "SLO"]
[TimeControl "40/5400+30:1800+30"]

1. d4 Nf6 2. Nf3 d5 3. g3 c5 4. Bg2 cxd4 5. O-O h6 6. b3 e6 7. Bb2 Bc5 8. Nxd4 O-O 9. e3 e5 10. Nf3 e4 11. Nd4 Re8 12. Nc3 Nbd7 13. Nde2 Ne5 14. Nf4 Bg4 15. Qd2 Nf3+ 16. Bxf3 Bxf3 17. Ncxd5 Nxd5 18. Nxd5 Qg5 19. h3 Red8 20. c4 Bd6 21. Qc3 f6 22. Nf4 Qf5 23. Kh2 h5 24. c5 Bxc5 25. Qc4+ Kh7 26. Qe6 Qxe6 27. Nxe6 Rdc8 28. Nxc5 Rxc5 29. Rac1 Rac8 30. Rxc5 Rxc5 31. Rc1 1/2-1/2

[Event "EYTCC Open U18 2022"]
[Site "Thessaloniki"]
[Date "2022.07.14"]
[Round "3.25"]
[White "Filip, Andrei"]
[Black "Risteski, Emil"]
[Result "1/2-1/2"]
[ECO "E19"]
[WhiteElo "2344"]
[BlackElo "2405"]
[Annotator "ChessBase"]
[PlyCount "52"]
[EventDate "2022.07.12"]
[EventType "team-tourn"]
[EventCountry "GRE"]
[SourceTitle "playchess.com"]
[Source "ChessBase"]
[SourceQuality "1"]
[WhiteTeam "Romania"]
[BlackTeam "Macedonia"]
[WhiteTeamCountry "ROU"]
[BlackTeamCountry "MKD"]
[TimeControl "40/5400+30:1800+30"]

1. d4 Nf6 2. c4 e6 3. Nf3 b6 4. g3 Bb7 5. Bg2 Be7 6. O-O O-O 7. Nc3 Ne4 8. Qc2 Nxc3 9. Qxc3 d6 10. b3 Nd7 11. Bb2 c5 12. Rfd1 Nf6 13. Ne1 Bxg2 14. Nxg2 cxd4 15. Qxd4 Qc7 16. Ne3 Rfd8 17. Rd2 Qc5 18. Qf4 Qh5 19. Rad1 Qg6 20. Qf3 Ne4 21. Rd3 f5 22. Nc2 Rf8 23. Qg2 Nc5 24. R3d2 Ne4 25. Rd3 Nc5 26. R3d2 Ne4 1/2-1/2

[Event "EYTCC Open U18 2022"]
[Site "Thessaloniki"]
[Date "2022.07.14"]
[Round "3.26"]
[White "Veljanoski, Andrej"]
[Black "Antonica, Dragos-Andrei"]
[Result "1-0"]
[ECO "C15"]
[WhiteElo "2162"]
[BlackElo "2355"]
[Annotator "ChessBase"]
[PlyCount "79"]
[EventDate "2022.07.12"]
[EventType "team-tourn"]
[EventCountry "GRE"]
[SourceTitle "playchess.com"]
[Source "ChessBase"]
[SourceQuality "1"]
[WhiteTeam "Macedonia"]
[BlackTeam "Romania"]
[WhiteTeamCountry "MKD"]
[BlackTeamCountry "ROU"]
[TimeControl "40/5400+30:1800+30"]

1. e4 e6 2. d4 d5 3. Nc3 Bb4 4. Nge2 dxe4 5. a3 Bxc3+ 6. Nxc3 Nc6 7. d5 exd5 8. Qxd5 Qe7 9. Bg5 Nf6 10. Bxf6 Qxf6 11. Qxe4+ Be6 12. O-O-O O-O 13. Bd3 Qh6+ 14. f4 Rae8 15. Rd2 Bg4 16. Qa4 Rd8 17. h3 a6 18. Rf1 Bc8 19. Qe4 Rfe8 20. Qf3 Nd4 21. Qf2 c5 22. Ne2 Ne6 23. Rdd1 b5 24. Kb1 Qf6 25. g4 c4 26. Be4 Qe7 27. Nc3 Nf8 28. Qb6 Rxd1+ 29. Rxd1 h5 30. gxh5 Bxh3 31. h6 Qf6 32. Qe3 Bf5 33. hxg7 Ng6 34. Qf3 Bxe4 35. Nxe4 Qc6 36. Re1 Kxg7 37. f5 Ne5 38. f6+ Kf8 39. Qf4 Re6 40. Ng5 1-0

[Event "EYTCC Open U18 2022"]
[Site "Thessaloniki"]
[Date "2022.07.14"]
[Round "3.27"]
[White "Antal, Hunor-Zoltan"]
[Black "Jordanov, Mihail"]
[Result "1-0"]
[ECO "D47"]
[WhiteElo "2263"]
[BlackElo "2158"]
[Annotator "ChessBase"]
[PlyCount "105"]
[EventDate "2022.07.12"]
[EventType "team-tourn"]
[EventCountry "GRE"]
[SourceTitle "playchess.com"]
[Source "ChessBase"]
[SourceQuality "1"]
[WhiteTeam "Romania"]
[BlackTeam "Macedonia"]
[WhiteTeamCountry "ROU"]
[BlackTeamCountry "MKD"]
[TimeControl "40/5400+30:1800+30"]

1. d4 d5 2. Nf3 Nf6 3. c4 c6 4. e3 e6 5. Nc3 Nbd7 6. Bd3 dxc4 7. Bxc4 b5 8. Be2 Bd6 9. e4 e5 10. d5 cxd5 11. Nxb5 Bb4+ 12. Bd2 Bxd2+ 13. Qxd2 O-O 14. exd5 Bb7 15. Nc3 e4 16. Ng5 Nc5 17. O-O h6 18. b4 hxg5 19. bxc5 Nxd5 20. Nxe4 Nf4 21. Bf3 Qxd2 22. Nxd2 Bxf3 23. Nxf3 Rac8 24. Nxg5 Rxc5 25. Ne4 Rc2 26. g3 Re8 27. Nd6 Ne2+ 28. Kg2 Rd8 29. Ne4 f6 30. Rfd1 Rxd1 31. Rxd1 Rxa2 32. Rd8+ Kf7 33. Rd7+ Kg6 34. Nc5 a5 35. Ra7 Nc3 36. Ne6 a4 37. Rxg7+ Kh6 38. Rc7 Ne4 39. Kf3 Nxf2 40. Nf8 Nh3 41. Rh7+ Kg5 42. Rxh3 f5 43. Rh7 Ra3+ 44. Ke2 Kf6 45. Kf2 Rd3 46. Nd7+ Kg6 47. Ne5+ Kxh7 48. Nxd3 a3 49. Nb4 Kg6 50. Kf3 Kf6 51. Kf4 Kg6 52. h4 Kf6 53. h5 1-0

[Event "EYTCC Open U18 2022"]
[Site "Thessaloniki"]
[Date "2022.07.14"]
[Round "3.28"]
[White "Zlatkov, Anton"]
[Black "Cnejev, Vladimir-Alexandru"]
[Result "0-1"]
[ECO "C54"]
[WhiteElo "2149"]
[BlackElo "2172"]
[Annotator "ChessBase"]
[PlyCount "92"]
[EventDate "2022.07.12"]
[EventType "team-tourn"]
[EventCountry "GRE"]
[SourceTitle "playchess.com"]
[Source "ChessBase"]
[SourceQuality "1"]
[WhiteTeam "Macedonia"]
[BlackTeam "Romania"]
[WhiteTeamCountry "MKD"]
[BlackTeamCountry "ROU"]
[TimeControl "40/5400+30:1800+30"]

1. e4 e5 2. Nf3 Nc6 3. Bc4 Bc5 4. c3 Nf6 5. d3 a6 6. Bb3 Ba7 7. O-O d6 8. Nbd2 O-O 9. h3 Ne7 10. Re1 Ng6 11. Nf1 h6 12. Ng3 Re8 13. d4 b5 14. Nh2 Bb7 15. Nf5 Bxe4 16. Rxe4 Nxe4 17. Qh5 d5 18. Ng4 Nf6 19. Ngxh6+ Kf8 20. Qg5 exd4 21. Bf4 Ne4 22. Qh5 Nf6 23. Qg5 Re4 24. Bg3 gxh6 25. Qxh6+ Ke8 26. cxd4 Qd7 27. Qg5 Nh7 28. Ng7+ Kf8 29. Qh6 Kg8 30. Nh5 Bxd4 31. Rd1 Bh8 32. Rxd5 Re1+ 33. Kh2 Qe6 34. Rg5 Nxg5 35. Bxe6 Nxe6 36. Qd2 Rb1 37. f4 Bd4 38. h4 Rd8 39. Qe2 Bg1+ 40. Kh3 Bb6 41. Qe4 Rh1+ 42. Kg4 Rf1 43. Nf6+ Kg7 44. Nd5 Rd1 45. h5 R8xd5 46. hxg6 f5+ 0-1

[Event "EYTCC Open U18 2022"]
[Site "Thessaloniki"]
[Date "2022.07.14"]
[Round "3.29"]
[White "Magalakis, Stefanos"]
[Black "Bilych, Olexiy"]
[Result "0-1"]
[ECO "A06"]
[WhiteElo "2181"]
[BlackElo "2365"]
[Annotator "ChessBase"]
[PlyCount "124"]
[EventDate "2022.07.12"]
[EventType "team-tourn"]
[EventCountry "GRE"]
[SourceTitle "playchess.com"]
[Source "ChessBase"]
[SourceQuality "1"]
[WhiteTeam "Greece"]
[BlackTeam "Ukraine"]
[WhiteTeamCountry "GRE"]
[BlackTeamCountry "UKR"]
[TimeControl "40/5400+30:1800+30"]

1. Nf3 d5 2. g3 Nd7 3. d4 Nb6 4. Bg2 Bf5 5. O-O e6 6. Nbd2 Nf6 7. c4 dxc4 8. Nh4 c6 9. Nxf5 exf5 10. e3 Qd7 11. Qc2 Qe6 12. Rd1 Bb4 13. Bf1 Bxd2 14. Bxd2 h5 15. b3 h4 16. bxc4 hxg3 17. hxg3 Ng4 18. Bg2 Nxc4 19. e4 fxe4 20. Bxe4 Nxd2 21. Rxd2 Kf8 22. Qc5+ Kg8 23. Re2 Qh6 24. Bg2 Qh2+ 25. Kf1 Rh5 26. Qc2 g6 27. Re4 Nf6 28. Re5 Rd8 29. Qc5 Rxe5 30. Qxe5 Kg7 31. Qf4 Qh5 32. Re1 Qb5+ 33. Kg1 Qb4 34. Rd1 c5 35. Qf3 Rxd4 36. Rc1 Rd7 37. a3 Qd4 38. Bh3 Re7 39. Rd1 Qe5 40. Qb3 b6 41. Bf1 Ng4 42. Qf3 Nf6 43. a4 Qe4 44. Qc3 Qxa4 45. Rd6 Re6 46. Rxe6 fxe6 47. Qe5 Qd7 48. Bc4 Qd1+ 49. Kg2 Qd4 50. Qxe6 Qe4+ 51. f3 Qxe6 52. Bxe6 Ne8 53. Kf2 Kf6 54. Bd7 Nd6 55. f4 b5 56. Ke3 a5 57. Kd3 a4 58. Kc2 a3 59. Kc3 b4+ 60. Kb3 c4+ 61. Ka2 Ne4 62. Kb1 b3 0-1

[Event "EYTCC Open U18 2022"]
[Site "Thessaloniki"]
[Date "2022.07.14"]
[Round "3.30"]
[White "Prokofiev, Valentyn"]
[Black "Georgiadis, Athanasios Kat"]
[Result "1-0"]
[ECO "E97"]
[WhiteElo "2286"]
[BlackElo "1689"]
[Annotator "ChessBase"]
[PlyCount "59"]
[EventDate "2022.07.12"]
[EventType "team-tourn"]
[EventCountry "GRE"]
[SourceTitle "playchess.com"]
[Source "ChessBase"]
[SourceQuality "1"]
[WhiteTeam "Ukraine"]
[BlackTeam "Greece"]
[WhiteTeamCountry "UKR"]
[BlackTeamCountry "GRE"]
[TimeControl "40/5400+30:1800+30"]

1. d4 Nf6 2. c4 g6 3. Nc3 Bg7 4. e4 d6 5. Nf3 O-O 6. Be2 e5 7. O-O Nc6 8. d5 Ne7 9. b4 a5 10. Ba3 axb4 11. Bxb4 Nd7 12. a4 Bh6 13. Ne1 f5 14. Nd3 Nf6 15. exf5 gxf5 16. f4 e4 17. Ne1 Bg7 18. Nc2 Nd7 19. Ra3 Nc5 20. a5 Re8 21. Nb5 Bd7 22. Rg3 Ng6 23. Bh5 Kf7 24. Bxc5 dxc5 25. d6 Bxb5 26. Qd5+ Kf6 27. Ne3 Qxd6 28. Bxg6 hxg6 29. Rxg6+ Kxg6 30. Qxf5+ 1-0

[Event "EYTCC Open U18 2022"]
[Site "Thessaloniki"]
[Date "2022.07.14"]
[Round "3.31"]
[White "Gerasopoulos, Nikolaos"]
[Black "Hulka, Valentyn"]
[Result "0-1"]
[ECO "B50"]
[WhiteElo "1526"]
[BlackElo "2123"]
[Annotator "ChessBase"]
[PlyCount "60"]
[EventDate "2022.07.12"]
[EventType "team-tourn"]
[EventCountry "GRE"]
[SourceTitle "playchess.com"]
[Source "ChessBase"]
[SourceQuality "1"]
[WhiteTeam "Greece"]
[BlackTeam "Ukraine"]
[WhiteTeamCountry "GRE"]
[BlackTeamCountry "UKR"]
[TimeControl "40/5400+30:1800+30"]

1. e4 c5 2. Nf3 d6 3. c3 Nf6 4. Be2 Nbd7 5. Qc2 Qc7 6. O-O a6 7. d4 cxd4 8. Nxd4 e5 9. Nb3 Be7 10. Be3 d5 11. exd5 Nxd5 12. Qd2 Nxe3 13. Qxe3 O-O 14. N1d2 Nc5 15. Bc4 Bf5 16. Nf3 e4 17. Nfd4 Bg6 18. Nxc5 Bxc5 19. Rfd1 Bd6 20. Bb3 Bxh2+ 21. Kh1 Bf4 22. Qe2 Rfe8 23. Qg4 Re5 24. Re1 Rg5 25. Qe2 Rh5+ 26. Kg1 Bh2+ 27. Kf1 Be5 28. Qc4 Qd7 29. f3 exf3 30. Nxf3 Bd3+ 0-1

[Event "EYTCC Open U18 2022"]
[Site "Thessaloniki"]
[Date "2022.07.14"]
[Round "3.32"]
[White "Podolskyi, Mykhailo"]
[Black "Skodras, Marios Konstantinos"]
[Result "1-0"]
[ECO "D56"]
[WhiteElo "2025"]
[BlackElo "1446"]
[Annotator "ChessBase"]
[PlyCount "65"]
[EventDate "2022.07.12"]
[EventType "team-tourn"]
[EventCountry "GRE"]
[SourceTitle "playchess.com"]
[Source "ChessBase"]
[SourceQuality "1"]
[WhiteTeam "Ukraine"]
[BlackTeam "Greece"]
[WhiteTeamCountry "UKR"]
[BlackTeamCountry "GRE"]
[TimeControl "40/5400+30:1800+30"]

1. d4 d5 2. c4 e6 3. Nc3 Nf6 4. Nf3 Be7 5. Bg5 h6 6. Bh4 O-O 7. e3 Nbd7 8. cxd5 exd5 9. Bd3 c6 10. Qc2 Ne8 11. Bxe7 Qxe7 12. O-O Nd6 13. b4 a6 14. a4 Nb6 15. b5 Bd7 16. bxa6 bxa6 17. a5 Nbc4 18. Nd2 Rab8 19. Bxc4 dxc4 20. Na4 Bf5 21. Qa2 Bd3 22. Rfc1 Rb4 23. Nc5 Rfb8 24. Nxd3 cxd3 25. Qa3 Qf6 26. Qxd3 Nf5 27. Nf3 Rb2 28. Qxa6 Nxe3 29. Qxc6 Qf4 30. fxe3 Qxe3+ 31. Kh1 Rxg2 32. Kxg2 Rb2+ 33. Rc2 1-0

[Event "EYTCC Open U18 2022"]
[Site "Thessaloniki"]
[Date "2022.07.14"]
[Round "3.33"]
[White "Zeneli, Klendi"]
[Black "Pekkul, Arda"]
[Result "1-0"]
[ECO "B22"]
[WhiteElo "1921"]
[BlackElo "1599"]
[Annotator "ChessBase"]
[PlyCount "65"]
[EventDate "2022.07.12"]
[EventType "team-tourn"]
[EventCountry "GRE"]
[SourceTitle "playchess.com"]
[Source "ChessBase"]
[SourceQuality "1"]
[WhiteTeam "Albania"]
[BlackTeam "Turkey"]
[WhiteTeamCountry "ALB"]
[BlackTeamCountry "TUR"]
[TimeControl "40/5400+30:1800+30"]

1. e4 c5 2. c3 d5 3. exd5 Qxd5 4. Nf3 Nf6 5. Na3 e6 6. d4 a6 7. Nc4 Nbd7 8. Be2 b5 9. Ne3 Qd6 10. a4 Rb8 11. O-O Be7 12. axb5 axb5 13. Ra5 c4 14. b3 Qc7 15. Ra1 cxb3 16. Qxb3 O-O 17. Bxb5 Bb7 18. c4 Bxf3 19. gxf3 Bd6 20. Ng4 h5 21. Nxf6+ Nxf6 22. h3 e5 23. Qd3 exd4 24. Qxd4 Rfd8 25. Qh4 Be5 26. Ra6 Rd4 27. Qg5 Nh7 28. Qf5 g6 29. Qb1 Qc8 30. Rxg6+ fxg6 31. Qxg6+ Kh8 32. Qxh5 Bg7 33. Re1 1-0

[Event "EYTCC Open U18 2022"]
[Site "Thessaloniki"]
[Date "2022.07.14"]
[Round "3.34"]
[White "Atis, Hasan"]
[Black "Xhembulla, Aleksander"]
[Result "0-1"]
[ECO "C89"]
[WhiteElo "1956"]
[BlackElo "1909"]
[Annotator "ChessBase"]
[PlyCount "94"]
[EventDate "2022.07.12"]
[EventType "team-tourn"]
[EventCountry "GRE"]
[SourceTitle "playchess.com"]
[Source "ChessBase"]
[SourceQuality "1"]
[WhiteTeam "Turkey"]
[BlackTeam "Albania"]
[WhiteTeamCountry "TUR"]
[BlackTeamCountry "ALB"]
[TimeControl "40/5400+30:1800+30"]

1. e4 e5 2. Nf3 Nc6 3. Bb5 a6 4. Ba4 Nf6 5. O-O Be7 6. Re1 b5 7. Bb3 O-O 8. c3 d5 9. exd5 Nxd5 10. Nxe5 Nxe5 11. Rxe5 c6 12. Bxd5 cxd5 13. d4 Bd6 14. Re1 Qh4 15. g3 Qh3 16. Be3 Ra7 17. Qd3 Re7 18. Nd2 Rfe8 19. Qf1 Qh5 20. Qg2 a5 21. h4 h6 22. Nf1 a4 23. Nh2 Re4 24. Rad1 R8e6 25. Qf3 Rxh4 26. Qxh5 Rxh5 27. Bd2 Rf5 28. f4 Rff6 29. Kg2 Rxe1 30. Rxe1 Re6 31. Rxe6 Bxe6 32. g4 f5 33. g5 hxg5 34. fxg5 Kf7 35. Nf1 Kg6 36. Kf3 Be7 37. Bf4 Bxg5 38. Bd6 Bc1 39. b3 Kf7 40. Ne3 g5 41. Nc2 f4 42. Nb4 g4+ 43. Kf2 g3+ 44. Kf3 Bg4+ 45. Kg2 Bf5 46. Bxf4 Bxf4 47. Kf3 Be4+ 0-1

[Event "EYTCC Open U18 2022"]
[Site "Thessaloniki"]
[Date "2022.07.14"]
[Round "3.35"]
[White "Ramaj, Ergit"]
[Black "Turk, Talha Gunes"]
[Result "1-0"]
[ECO "B40"]
[WhiteElo "1980"]
[BlackElo "1597"]
[Annotator "ChessBase"]
[PlyCount "67"]
[EventDate "2022.07.12"]
[EventType "team-tourn"]
[EventCountry "GRE"]
[SourceTitle "playchess.com"]
[Source "ChessBase"]
[SourceQuality "1"]
[WhiteTeam "Albania"]
[BlackTeam "Turkey"]
[WhiteTeamCountry "ALB"]
[BlackTeamCountry "TUR"]
[TimeControl "40/5400+30:1800+30"]

1. e4 c5 2. Nf3 e6 3. d4 cxd4 4. Nxd4 Nf6 5. Nc3 Nc6 6. Nxc6 bxc6 7. e5 Nd5 8. Ne4 Qc7 9. f4 Qb6 10. c4 Bb4+ 11. Ke2 Ba6 12. Kf3 f5 13. exf6 Nxf6 14. c5 Qa5 15. Nxf6+ gxf6 16. Bxa6 Qxa6 17. Qd4 Qb5 18. Be3 O-O-O 19. a4 Qb8 20. a5 Qb5 21. Rhc1 e5 22. Qc4 Kc7 23. Qe4 Rde8 24. Rc4 f5 25. Qc2 e4+ 26. Kf2 d5 27. cxd6+ Bxd6 28. Rc1 c5 29. Bxc5 Kd7 30. Rd4 e3+ 31. Kg1 Re6 32. Bxd6 Rxd6 33. Qc7+ Ke8 34. Rxd6 1-0

[Event "EYTCC Open U18 2022"]
[Site "Thessaloniki"]
[Date "2022.07.14"]
[Round "3.36"]
[White "Kayrak, Murat"]
[Black "Boci, Petro"]
[Result "1-0"]
[ECO "E20"]
[WhiteElo "1561"]
[BlackElo "1709"]
[Annotator "NA"]
[PlyCount "63"]
[EventDate "2022.07.12"]
[EventType "team-tourn"]
[EventCountry "GRE"]
[SourceTitle "playchess.com"]
[Source "ChessBase"]
[SourceQuality "1"]
[WhiteTeam "Turkey"]
[BlackTeam "Albania"]
[WhiteTeamCountry "TUR"]
[BlackTeamCountry "ALB"]
[TimeControl "40/5400+30:1800+30"]

1. d4 Nf6 2. c4 e6 3. Nc3 Bb4 4. f3 d5 5. a3 Bxc3+ 6. bxc3 O-O 7. e3 b6 8. Bd3 Bb7 9. Ne2 Nbd7 10. O-O c5 11. Bb2 Rc8 12. cxd5 exd5 13. Re1 Re8 14. Ng3 Nf8 15. e4 Ng6 16. e5 Nd7 17. Nf5 Re6 18. Nd6 Rb8 19. Bf5 Rxd6 20. exd6 Nf6 21. Qa4 a6 22. dxc5 bxc5 23. d7 Ne7 24. Rxe7 Qxe7 25. Qf4 Rd8 26. Qc7 Ba8 27. Kf1 g6 28. Re1 Qf8 29. Bh3 Kg7 30. a4 Rb8 31. Bc1 Rd8 32. Bg5 1-0